 Dungeon Crawl Stone Soup version 0.30.1-11-g7821555f0a (webtiles) character file.

Game seed: 7167060629320557115

176 monsoonserge the Shooter (level 5, -1/27 HPs)
             Began as a Spriggan Hunter on Nov 1, 2023.
             Slain by a killer bee (6 damage)
             ... on level 6 of the Dungeon.
             The game lasted 00:04:08 (2152 turns).

monsoonserge the Shooter (Spriggan Hunter)          Turns: 2152, Time: 00:04:08

Health: -1/27      AC:  2    Str:  7    XL:     5   Next: 30%
Magic:  6/6        EV: 18    Int: 10    God:
Gold:   188        SH:  0    Dex: 21    Spells: 4/4 levels left

rFire   + . .        a - +0 shortbow
rCold   . . .        (shield currently unavailable)
rNeg    . . .        c - +0 robe
rPois   .            (helmet restricted)
rElec   .            (no cloak)
rCorr   .            (gloves unavailable)
SInv    +            (boots unavailable)
Will    .....        (no amulet)
Stlth   ++           j - ring of protection from fire
HPRegen 0.24/turn    (no ring)
MPRegen 0.10/turn

%: no passive effects
@: lethally poisoned (-1 -> -8), very quick
A: very small, no large weapons, unfitting armour, see invisible, speed 3
a: no special abilities


You were on level 6 of the Dungeon.
You visited 1 branch of the dungeon, and saw 4 of its levels.

You collected 188 gold pieces.

Inventory:

Hand Weapons
 a - a +0 shortbow (weapon)
 e - a +0 short sword
 l - a +0 sling
Missiles
 t - 3 curare-tipped darts
Armour
 c - a +0 robe (worn)
Jewellery
 j - a ring of protection from fire (left hand)
Scrolls
 b - 4 scrolls of immolation
 f - a scroll of magic mapping {unknown}
 i - a scroll of enchant armour {unknown}
 k - 3 scrolls of fog {unknown}
 m - a scroll of enchant weapon {unknown}
 o - 2 scrolls of identify {unknown}
Potions
 d - 2 potions of might {unknown}
 g - 2 potions of brilliance {unknown}
 h - 2 potions of heal wounds {unknown}
 n - 2 potions of degeneration {unknown}
 p - 2 potions of invisibility {unknown}
 q - 5 potions of curing {unknown}
 r - 2 potions of flight {unknown}
 s - a potion of mutation {unknown}
 u - a potion of haste {unknown}


   Skills:
 + Level 2.4 Fighting
 + Level 6.1 Ranged Weapons
 + Level 2.9 Dodging
 + Level 1.9 Stealth


You had 4 spell levels left.
You didn't know any spells.
Your spell library contained the following spells:

 Spells                   Type           Power      Damage    Failure   Level
 Dazzling Flash           Conj/Hex       0%         N/A       75%         3
 Agony                    Necr           0%         N/A       100%        5
 Blade Hands              Tmut           0%         N/A       100%        5
 Irradiate                Conj/Tmut      0%         3d11      100%        5
 Silence                  Hex/Air        0%         N/A       100%        5
 Dragon Form              Tmut           0%         N/A       100%        7


Dungeon Overview and Level Annotations

Branches:
Dungeon (3/15)

Altars:

Shops:
D:1 =

Portals:
Ossuary: D:6


Innate Abilities, Weirdness & Mutations

You are very small and have problems with some larger weapons.
You are too small for most types of armour.
You have supernaturally acute eyesight. (SInv)
You cover ground extremely quickly. (Speed+++)


Message History

You shoot an arrow. The arrow closely misses the hound.
The hound completely misses you.
You shoot an arrow. The arrow hits the hound!
The hound is almost dead.
The hound misses you. The hound barely misses you.
You shoot an arrow. The arrow hits the hound!
You kill the hound!
Your Ranged Weapons skill increases to level 6!
You start resting.
HP restored.
You open the door. 3 killer bees come into view.
The killer bee buzzes angrily. x3
A killer bee comes into view.
The killer bee moves out of view.
Found a stone staircase leading down.
You shoot an arrow. The killer bee buzzes angrily.
The arrow hits the killer bee.
The killer bee is moderately wounded.
The killer bee stings you.
You are poisoned.
The killer bee poisons you! The killer bee misses you.
The killer bee closely misses you.
The killer bee attacks as you move away!
The killer bee barely misses you.
You feel sick.
You feel sick.
The killer bee attacks as you move away!
The killer bee stings you!
You are lethally poisoned!
The killer bee poisons you!
You feel sick.
You feel sick.
You feel sick. The killer bee misses you.
There is a sand-covered staircase here.
* * * LOW HITPOINT WARNING * * *
You feel very sick. The killer bee stings you.
* * * LOW HITPOINT WARNING * * *
The killer bee stings you.
You die...

......
......#######
......'.....#
#.<...#
#.....#
#.....###
#..yy8..#
#...yy..#
#..8.@.8#
#.......#
#....8..#
#......##
#.....##
#.....#
#.....#
###+###


You could see 4 killer bees.

Vanquished Creatures
  A hound (D:6)
  Jessica (D:3)
  4 adders
  A worm (D:2)
  A dart slug (D:1)
  2 orcs (D:3)
  5 ball pythons
  8 bats
  11 endoplasms
  4 giant cockroaches
  8 hobgoblins
  2 jackals (D:2)
  2 quokkas
  7 frilled lizards
  6 goblins
  4 kobolds
  7 rats
74 creatures vanquished.

Notes
Turn   | Place    | Note
-------+----------+-------------------------------------------
     0 | D:1      | monsoonserge the Spriggan Hunter began the quest for the
                  | Orb.
     0 | D:1      | Reached XP level 1. HP: 10/10 MP: 2/2
    65 | D:1      | Reached XP level 2. HP: 14/14 MP: 3/3
   292 | D:1      | Reached XP level 3. HP: 18/18 MP: 4/4
   331 | D:1      | Found Urchim's Jewellery Shop.
   570 | D:2      | Reached skill level 5 in Ranged Weapons
  1156 | D:2      | Reached XP level 4. HP: 23/23 MP: 5/5
  1754 | D:3      | Found a faded altar of an unknown god.
  1862 | D:3      | Noticed Jessica
  1867 | D:3      | Killed Jessica
  1868 | D:3      | Reached XP level 5. HP: 20/27 MP: 6/6
  2110 | D:3      | You fall into a shaft and drop 3 floors!
  2110 | D:6      | Found a sand-covered staircase.
  2120 | D:6      | Reached skill level 6 in Ranged Weapons
  2152 | D:6      | Slain by a killer bee

Illustrated notes

Levels and vault maps discovered:
D:1:      dpeg_arrival_rhombus, layout_basic, serial_shops,
          nicolae_shop_behind_doors
D:2:      cheibrodos_old_hovel, layout_basic, minmay_quantized
D:3:      layout_loops_ring, dreamdust_ecumenical_altar_angels_and_demons,
          uniq_jessica
D:6:      layout_gridville, nicolae_ossuary_entry_monument, uniq_duvessa

Skill      XL: |  1  2  3  4  5 |
---------------+----------------+-----
Ranged Weapons | 5 6 |  6.1
Fighting       | 2 |  2.4
Dodging        | |  2.9
Stealth        | |  1.9

Action                     |  1- 3 |  4- 6 || total
---------------------------+-------+-------++-------
   Fire: Shortbow          |   110 |    51 ||   161
 Armour: Robe              |     2 |       ||     2
  Dodge: Dodged            |    37 |    15 ||    52
